NYP
LOS ANGELES (NYP) ANGELS @ IDAHO FALLS CHUKARS
05/13/2048
 
TOP OF THE 1ST
Los Angeles (NYP) Angels batting - Pitching for Idaho Falls Chukars : RHP Brian Hunt
Pitching: RHP Brian Hunt
Batting: RHB Nick Lombardo 0-0: Called Strike
0-1: Foul Ball, location: 2F
0-2: Foul Ball, location: 2F
0-2: Strikes out swinging
Batting: RHB Ricky Mejicanos 0-0: Called Strike
0-1: Ball
1-1: Foul Ball, location: 2F
1-2: Foul Ball, location: 2F
1-2: Foul Ball, location: 2F
1-2: Ball
2-2: Ball
3-2: Fly out, F7 (Line Drive, 7LS, EV 98.8 MPH)
Batting: LHB Dave Hicks 0-0: Ball
1-0: Called Strike
1-1: Called Strike
1-2: Ball
2-2: Fly out, F8 (Line Drive, 8LM, EV 87.5 MPH)
Top of the 1st over - 0 runs, 0 hits, 0 errors, 0 left on base; Los Angeles (NYP) 0 - Idaho Falls 0
BOTTOM OF THE 1ST
Idaho Falls Chukars batting - Pitching for Los Angeles (NYP) Angels : LHP Si-hun Yi
Pitching: LHP Si-hun Yi
Batting: RHB Ruben Luis 0-0: Ground out 6-3 (Groundball, 6, EV 86.2 MPH)
Batting: RHB Mike Bearden 0-0: SINGLE (Line Drive, 9S, EV 91.9 MPH)
Batting: RHB Carlos Almada 0-0: Called Strike
0-1: Called Strike
0-2: Ball
Wild Pitch!
Mike Bearden to second
1-2: Strikes out swinging
Batting: RHB Jonas Fernandez 0-0: Ball
1-0: Swinging Strike
1-1: Swinging Strike
1-2: Ball
2-2: Foul Ball, location: 2F
2-2: Ball
3-2: Fly out, F9 (Line Drive, 9LD, EV 96.9 MPH)
Bottom of the 1st over - 0 runs, 1 hit, 0 errors, 1 left on base; Los Angeles (NYP) 0 - Idaho Falls 0
TOP OF THE 2ND
Los Angeles (NYP) Angels batting - Pitching for Idaho Falls Chukars : RHP Brian Hunt
Batting: LHB Mutsuo IIda 0-0: Swinging Strike
0-1: Foul Ball, location: 2F
0-2: Foul Ball, location: 2F
0-2: Foul Ball, location: 2F
0-2: Strikes out swinging
Batting: RHB T.J. Gray 0-0: Swinging Strike
0-1: Called Strike
0-2: Ball
1-2: Ball
2-2: Foul Ball, location: 2F
2-2: Strikes out looking
Batting: RHB Dean LeCroy 0-0: Ball
1-0: Fly out, F9 (Flyball, 9LS, EV 85.6 MPH)
Top of the 2nd over - 0 runs, 0 hits, 0 errors, 0 left on base; Los Angeles (NYP) 0 - Idaho Falls 0
BOTTOM OF THE 2ND
Idaho Falls Chukars batting - Pitching for Los Angeles (NYP) Angels : LHP Si-hun Yi
Batting: RHB Chance Argy 0-0: Called Strike
0-1: Swinging Strike
0-2: Foul Ball, location: 2F
0-2: Strikes out swinging
Batting: RHB Ian Hornsby 0-0: Ball
1-0: Foul Ball, location: 2F
1-1: Foul Ball, location: 2F
1-2: Strikes out swinging
Batting: RHB Jimmy Mayville 0-0: Foul Ball, location: 2F
0-1: Ball
1-1: Foul Ball, location: 2F
1-2: Strikes out swinging
Bottom of the 2nd over - 0 runs, 0 hits, 0 errors, 0 left on base; Los Angeles (NYP) 0 - Idaho Falls 0
TOP OF THE 3RD
Los Angeles (NYP) Angels batting - Pitching for Idaho Falls Chukars : RHP Brian Hunt
Batting: SHB Tim Connell 0-0: Called Strike
0-1: Ball
1-1: Ball
2-1: Foul Ball, location: 2F
2-2: Hit by Pitch
Batting: RHB Wilford Harper 0-0: Called Strike
0-1: Ball
1-1: Ball
2-1: Grounds into double play, 5-4-3 (Groundball, 56S, EV 87.5 MPH)
Batting: SHB Yuya Hirata 0-0: Called Strike
0-1: Called Strike
0-2: Strikes out looking
Top of the 3rd over - 0 runs, 0 hits, 0 errors, 0 left on base; Los Angeles (NYP) 0 - Idaho Falls 0
BOTTOM OF THE 3RD
Idaho Falls Chukars batting - Pitching for Los Angeles (NYP) Angels : LHP Si-hun Yi
Batting: RHB Bobby Matyas 0-0: Fly out, F4 (Popup, 4, EV 60.0 MPH)
Batting: SHB Benoît Morin 0-0: Called Strike
0-1: Foul Ball, location: 2F
0-2: Strikes out swinging
Batting: RHB Ruben Luis 0-0: Swinging Strike
0-1: Ball
1-1: Fly out, F3 (Popup, 34, EV 61.2 MPH)
Bottom of the 3rd over - 0 runs, 0 hits, 0 errors, 0 left on base; Los Angeles (NYP) 0 - Idaho Falls 0
TOP OF THE 4TH
Los Angeles (NYP) Angels batting - Pitching for Idaho Falls Chukars : RHP Brian Hunt
Batting: RHB Nick Lombardo 0-0: Ball
1-0: Called Strike
1-1: Ball
2-1: Ball
3-1: Base on Balls
Pitching: LHP Hyoji Kawabata
Batting: RHB Ricky Mejicanos 0-0: Ball
1-0: Ball
2-0: Foul Ball, location: 2F
2-1: Foul Ball, location: 2F
2-2: Foul Ball, location: 2F
2-2: SINGLE (Groundball, 56D, EV 101.9 MPH)
Nick Lombardo to second
Batting: LHB Dave Hicks 0-0: Ball
1-0: Called Strike
1-1: Called Strike
1-2: Strikes out swinging
Batting: LHB Mutsuo IIda 0-0: Ball
1-0: Ball
2-0: Ball
3-0: Called Strike
3-1: Foul Ball, location: 2F
3-2: Strikes out looking
Batting: RHB T.J. Gray 0-0: Foul Ball, location: 2F
0-1: Ball
1-1: Hit by Pitch
Nick Lombardo to third
Ricky Mejicanos to second
Batting: RHB Dean LeCroy 0-0: Swinging Strike
0-1: Ball
1-1: Called Strike
1-2: Strikes out swinging
Top of the 4th over - 0 runs, 1 hit, 0 errors, 3 left on base; Los Angeles (NYP) 0 - Idaho Falls 0
BOTTOM OF THE 4TH
Idaho Falls Chukars batting - Pitching for Los Angeles (NYP) Angels : LHP Si-hun Yi
Batting: RHB Mike Bearden 0-0: Ball
1-0: Called Strike
1-1: Ball
2-1: SINGLE (Groundball, 34D, EV 93.8 MPH)
Batting: RHB Carlos Almada 0-0: Called Strike
0-1: Ball
1-1: Ball
2-1: Called Strike
Mike Bearden is caught stealing 2nd base 2-4
2-2: Strikes out swinging
Batting: RHB Jonas Fernandez 0-0: Foul Ball, location: 2F
0-1: Foul Ball, location: 2F
0-2: Foul Ball, location: 2F
0-2: Ball
1-2: Strikes out looking
Bottom of the 4th over - 0 runs, 1 hit, 0 errors, 0 left on base; Los Angeles (NYP) 0 - Idaho Falls 0
TOP OF THE 5TH
Los Angeles (NYP) Angels batting - Pitching for Idaho Falls Chukars : LHP Hyoji Kawabata
Batting: SHB Tim Connell 0-0: Ball
1-0: Swinging Strike
1-1: Ball
2-1: Foul Ball, location: 2F
2-2: Strikes out looking
Batting: RHB Wilford Harper 0-0: Foul Ball, location: 2F
0-1: Foul Ball, location: 2F
0-2: Strikes out swinging
Batting: SHB Yuya Hirata 0-0: Ball
1-0: Called Strike
1-1: Foul Ball, location: 2F
1-2: Fly out, F8 (Flyball, 8RD, EV 110.0 MPH)
Top of the 5th over - 0 runs, 0 hits, 0 errors, 0 left on base; Los Angeles (NYP) 0 - Idaho Falls 0
BOTTOM OF THE 5TH
Idaho Falls Chukars batting - Pitching for Los Angeles (NYP) Angels : LHP Si-hun Yi
Batting: RHB Chance Argy 0-0: Called Strike
0-1: Swinging Strike
0-2: Ball
1-2: Strikes out swinging
Batting: RHB Ian Hornsby 0-0: Called Strike
0-1: Foul Ball, location: 2F
0-2: Foul Ball, location: 2F
0-2: Strikes out swinging
Batting: RHB Jimmy Mayville 0-0: DOUBLE (Flyball, 8RXD, EV 111.9 MPH)
Batting: RHB Bobby Matyas 0-0: Ball
1-0: Called Strike
1-1: 2-RUN HOME RUN (Line Drive, 78XD, EV 100.0 MPH), Distance : 410 ft
Batting: SHB Benoît Morin 0-0: Foul Ball, location: 2F
0-1: Swinging Strike
0-2: Ball
1-2: Ball
2-2: Strikes out swinging
Bottom of the 5th over - 2 runs, 2 hits, 0 errors, 0 left on base; Los Angeles (NYP) 0 - Idaho Falls 2
TOP OF THE 6TH
Los Angeles (NYP) Angels batting - Pitching for Idaho Falls Chukars : LHP Hyoji Kawabata
Batting: RHB Nick Lombardo 0-0: SOLO HOME RUN (Flyball, 9LD, EV 99.4 MPH), Distance : 376 ft
Batting: RHB Ricky Mejicanos 0-0: Ball
1-0: SINGLE (Groundball, 25, EV 66.9 MPH) (infield hit)
Batting: LHB Dave Hicks 0-0: DOUBLE (Line Drive, 8LXD, EV 99.4 MPH)
Ricky Mejicanos to third
Batting: LHB Mutsuo IIda 0-0: Swinging Strike
0-1: Ball
1-1: Ball
2-1: Foul Ball, location: 2F
2-2: Strikes out swinging
Pitching: RHP Dusty DuPont
Batting: RHB T.J. Gray 0-0: Called Strike
0-1: Ball
1-1: Foul Ball, location: 2F
1-2: Ball
2-2: Fly out, F8 (Flyball, 8RD, EV 110.0 MPH)
Batting: RHB Dean LeCroy 0-0: Called Strike
0-1: Ball
1-1: Ground out 4-3 (Groundball, 34, EV 83.1 MPH)
Top of the 6th over - 1 run, 3 hits, 0 errors, 2 left on base; Los Angeles (NYP) 1 - Idaho Falls 2
BOTTOM OF THE 6TH
Idaho Falls Chukars batting - Pitching for Los Angeles (NYP) Angels : LHP Si-hun Yi
Batting: RHB Ruben Luis 0-0: Ball
1-0: Ball
2-0: Ball
3-0: Called Strike
3-1: Foul Ball, location: 2F
3-2: Base on Balls
Batting: RHB Mike Bearden 0-0: Ball
1-0: Swinging Strike
1-1: Swinging Strike
1-2: Fielders Choice at 2nd, 4-6 (Groundball, 34, EV 82.5 MPH)
Batting: RHB Carlos Almada 0-0: Ball
1-0: Foul Ball, location: 2F
1-1: Swinging Strike
1-2: SINGLE (Groundball, 34D, EV 105.0 MPH)
Mike Bearden to second
Runner from 2nd tries for 3rd, SAFE, throw by RF made to third
Pitching: RHP Troy Ingram
Batting: RHB Jonas Fernandez 0-0: Ball
1-0: TRIPLE (Line Drive, 78XD, EV 106.9 MPH)
Mike Bearden scores
Carlos Almada scores
Batting: RHB Chance Argy 0-0: Foul Ball, location: 2F
0-1: Ball
1-1: Called Strike
1-2: Foul Ball, location: 2F
1-2: SINGLE (Groundball, 6MD, EV 96.2 MPH)
Jonas Fernandez scores
Batting: RHB Ian Hornsby 0-0: Called Strike
Chance Argy is caught stealing 2nd base 2-4
0-1: Ball
1-1: Swinging Strike
1-2: Foul Ball, location: 2F
1-2: Strikes out looking and he ARGUES THE CALL AND IS TOSSED!
Bottom of the 6th over - 3 runs, 3 hits, 0 errors, 0 left on base; Los Angeles (NYP) 1 - Idaho Falls 5
TOP OF THE 7TH
Los Angeles (NYP) Angels batting - Pitching for Idaho Falls Chukars : RHP Dusty DuPont
Now at C: David Bearden
Batting: SHB Tim Connell 0-0: Foul Ball, location: 2F
0-1: Ball
1-1: Ball
2-1: Ball
3-1: Ground out U3 (Groundball, 3S, EV 79.4 MPH)
Batting: RHB Wilford Harper 0-0: Ball
1-0: Ball
2-0: Called Strike
2-1: Ground out U3 (Groundball, 3L, EV 85.0 MPH)
Batting: SHB Yuya Hirata 0-0: Ground out 4-3 (Groundball, 4, EV 83.1 MPH)
Top of the 7th over - 0 runs, 0 hits, 0 errors, 0 left on base; Los Angeles (NYP) 1 - Idaho Falls 5
BOTTOM OF THE 7TH
Idaho Falls Chukars batting - Pitching for Los Angeles (NYP) Angels : RHP Troy Ingram
Batting: RHB Jimmy Mayville 0-0: Ball
1-0: Called Strike
1-1: Ball
2-1: Ball
3-1: Swinging Strike
3-2: Strikes out looking
Batting: RHB Bobby Matyas 0-0: Ground out U3 (Groundball, 34, EV 108.1 MPH)
Batting: SHB Benoît Morin 0-0: Ball
1-0: Called Strike
1-1: SINGLE (Line Drive, 7S, EV 110.0 MPH)
Batting: RHB Ruben Luis 0-0: Ball
Benoît Morin steals 2nd base
1-0: Foul Ball, location: 2F
1-1: Ball
2-1: Foul Ball, location: 2F
2-2: Hit by Pitch
Batting: RHB Mike Bearden 0-0: Called Strike
Ruben Luis steals 2nd base
Benoît Morin steals 3rd base
0-1: Ball
1-1: Called Strike
1-2: Strikes out swinging
Bottom of the 7th over - 0 runs, 1 hit, 0 errors, 2 left on base; Los Angeles (NYP) 1 - Idaho Falls 5
TOP OF THE 8TH
Los Angeles (NYP) Angels batting - Pitching for Idaho Falls Chukars : RHP Dusty DuPont
Batting: RHB Nick Lombardo 0-0: Called Strike
0-1: Ball
1-1: Foul Ball, location: 2F
1-2: Ball
2-2: Ball
3-2: SOLO HOME RUN (Flyball, 7D, EV 95.6 MPH), Distance : 365 ft
Batting: RHB Ricky Mejicanos 0-0: Ball
1-0: Ball
2-0: Ball
3-0: Base on Balls
Batting: LHB Dave Hicks 0-0: Called Strike
0-1: Fly out, F9 (Flyball, 9LD, EV 98.8 MPH)
Batting: LHB Mutsuo IIda 0-0: Foul Ball, location: 2F
0-1: Fielders Choice at 2nd, 6-4 (Groundball, 6, EV 84.4 MPH)
Batting: RHB T.J. Gray 0-0: Foul Ball, location: 2F
0-1: Ball
1-1: Swinging Strike
Passed Ball!
Mutsuo IIda to second
1-2: Ball
2-2: Foul Ball, location: 2F
2-2: Ball
Wild Pitch!
Mutsuo IIda to third
3-2: Base on Balls
Pitching: LHP Adam Mallow
Batting: RHB Dean LeCroy 0-0: Ball
Passed Ball!
Mutsuo IIda scores
T.J. Gray to second
1-0: Ground out U3 (Groundball, 34, EV 81.2 MPH)
Top of the 8th over - 2 runs, 1 hit, 0 errors, 1 left on base; Los Angeles (NYP) 3 - Idaho Falls 5
BOTTOM OF THE 8TH
Idaho Falls Chukars batting - Pitching for Los Angeles (NYP) Angels : RHP Troy Ingram
Pitching: LHP Tyler MacLean
Batting: RHB Carlos Almada 0-0: Ball
1-0: Called Strike
1-1: Swinging Strike
1-2: Strikes out swinging
Batting: RHB Jonas Fernandez 0-0: Ball
1-0: Called Strike
1-1: Ball
2-1: Called Strike
2-2: Strikes out swinging
Batting: RHB Chance Argy 0-0: Ball
1-0: Ball
2-0: Called Strike
2-1: Ball
3-1: Foul Ball, location: 2F
3-2: Strikes out swinging
Bottom of the 8th over - 0 runs, 0 hits, 0 errors, 0 left on base; Los Angeles (NYP) 3 - Idaho Falls 5
TOP OF THE 9TH
Los Angeles (NYP) Angels batting - Pitching for Idaho Falls Chukars : LHP Adam Mallow
Batting: SHB Tim Connell 0-0: DOUBLE (Line Drive, 8LXD, EV 103.8 MPH)
Batting: RHB Wilford Harper 0-0: Ball
1-0: Called Strike
1-1: Ball
Wild Pitch!
Tim Connell to third
2-1: Foul Ball, location: 2F
2-2: Strikes out looking
Pinch Hitting: LHB Edgar van der Meeren 0-0: Ball
1-0: Swinging Strike
1-1: Ground out U3 (Groundball, 34S, EV 85.0 MPH)
Tim Connell scores
Batting: RHB Nick Lombardo 0-0: Called Strike
0-1: Swinging Strike
0-2: Strikes out swinging
Top of the 9th over - 1 run, 1 hit, 0 errors, 0 left on base; Los Angeles (NYP) 4 - Idaho Falls 5
Tuesday, March 28th , 2023 - OOTP Baseball 23.10 Build 110